 Dungeon Crawl Stone Soup version bcrawl-1.40.3b (webtiles) character file.

Game seed: 3970379544008188114

372589 Mrcake the Geomancer (level 11, -4/60 HPs)
             Began as a Gargoyle Earth Elementalist on Feb 4, 2024.
             Was an Initiate of Gozag.
             Killed by the malice of Vehumet (26 damage)
             ... on level 2 of the Lair of Beasts.
             The game lasted 00:49:29 (10233 turns).

Mrcake the Geomancer (Gargoyle Earth Elementalist) Turns: 10233, Time: 00:49:30

Health: -4/60      AC: 37    Str: 11      XL:     11   Next: 69%
Magic:  4/19       EV: 12    Int: 26      God:    Gozag
Gold:   1155       SH:  0    Dex:  8 (10) Spells: 12/21 levels left

rFire    . . .     GDR:     39% N - +5 halberd of Doergh {venom, Int+3}
rCold    . . .     SeeInvis .   (shield currently unavailable)
rNeg     + . .     Gourm    .   G - +2 storm dragon scales
rPois    ∞         Faith    .   u - +2 helmet {Int+3}
rElec    +         Spirit   .   a - +1 cloak
rCorr    .         Reflect  .   H - +2 pair of gloves
MR       .....                  l - +1 pair of boots
Stlth    ..........             (no amulet)
HPRegen  0.20/turn              f - ring of flight
MPRegen  0.16/turn              g - +4 ring of evasion

@: very slightly contaminated
A: negative energy resistance 1, electricity resistance, partial torment
resistance, unbreathing, petrification resistance, rot immunity, AC +8
a: Potion Petition, Call Merchant, Bribe Branch, Renounce Religion, Evoke Flight


You were on level 2 of the Lair of Beasts.
You worshipped Gozag.
Gozag was most pleased with you.
You were not hungry.

You visited 3 branches of the dungeon, and saw 10 of its levels.

You collected 1389 gold pieces.
You paid 234 gold pieces to Gozag.

Inventory:

Hand Weapons
 p - a +0 spear
 s - a +0 hand axe
 N - the +5 halberd of Doergh (weapon) {venom, Int+3}
   (You found it on level 1 of the Lair of Beasts)

   It poisons the flesh of those it strikes.
   It affects your intelligence (+3).
Missiles
 b - 10 stones (quivered)
 M - 30 large rocks
Armour
 a - a +1 cloak (worn)
 c - a +0 robe
 j - a +0 ring mail
 l - a +1 pair of boots (worn)
 n - a +0 helmet
 u - a +2 helmet of intelligence (worn)
 C - a +1 pair of gloves
 G - +2 storm dragon scales (worn)
 H - a +2 pair of gloves (worn)
Jewellery
 f - a ring of flight (left hand)
 g - a +4 ring of evasion (right hand)
 K - an uncursed ring of fire
 O - an uncursed ring of see invisible {unknown}
 R - an uncursed ring of protection from magic {unknown}
Wands
 z - a wand of flame (34)
 A - a wand of scattershot (6)
 J - a wand of disintegration (15)
 P - a wand of digging (10)
Scrolls
 i - 2 scrolls of identify
 v - a scroll of blinking
 w - 3 scrolls of teleportation
 x - 3 scrolls of enchant weapon
 y - a scroll of fog
 B - a scroll of amnesia
 E - 5 scrolls of remove curse
 L - a scroll of immolation {unknown}
 Q - a scroll of noise
Potions
 d - 3 potions of agility
 h - 2 potions of might
 k - a potion of heal wounds
 m - 2 potions of degeneration
 o - 3 potions of curing
 q - 3 potions of haste
 r - a potion of brilliance
 t - a potion of mutation {unknown}
 F - 2 potions of flight {unknown}
 I - 3 potions of resistance {unknown}
Miscellaneous
 D - a lightning rod (4/4)
Comestibles
 e - 9 rations {!d}


   Skills:
 + Level 3.5 Fighting
 + Level 2.9 Polearms
 * Level 12.1 Armour
 - Level 1.6 Dodging
 - Level 2.4 Stealth
 - Level 1.0 Unarmed Combat
 - Level 5.7 Spellcasting
   Level 0.7 Transmutations
 * Level 14.1 Earth Magic


You had 12 spell levels left.
You knew the following spells:

 Your Spells              Type           Power        Failure   Level  Hunger
a - Sandblast             Erth           ######       1%          1    None
b - Lee's Rapid Deconstr  Erth           ######....   6%          5    ######.
c - Stone Arrow           Conj/Erth      #####.       12%         3    ##.....

Your spell library contained the following spells:

 Spells                   Type           Power        Failure   Level  Hunger
 Passwall                 Tmut/Erth      #####...     4%          2    None
 Petrify                  Tmut/Erth      #####.....   32%         4    ####...
 Beastly Appendage        Tmut           ##....       47%         1    None
 Apportation              Tloc           #.....       56%         1    None
 Corona                   Hex            #......      56%         1    None
 Infusion                 Chrm           #.......     56%         1    None
 Slow                     Hex            #.......     56%         1    None
 Summon Butterflies       Summ           #.......     56%         1    None
 Sticks to Snakes         Tmut           ##......     63%         2    None
 Poisonous Vapours        Pois/Air       #.....       71%         2    None
 Spider Form              Tmut/Pois      #..          88%         3    ##.....
 Conjure Flame            Conj/Fire      #.......     91%         3    ##.....
 Mephitic Cloud           Conj/Pois/Air  #.......     91%         3    ##.....
 Ice Form                 Ice/Tmut       #.......     99%         4    ####...
 Blade Hands              Tmut           ##........   100%        5    ######.
 Freezing Cloud           Ice/Air        #.......     100%        5    ######.
 Steam Barrier            Chrm/Fire      #.........   100%        5    ######.


Dungeon Overview and Level Annotations

Branches:
Dungeon (7/12)             Temple (1/1) D:6            Lair (2/6) D:7
 Shoals (0/3) Lair:2
  Swamp: Lair:2-4     Snake: Lair:2-4    Spider: Lair:2-4

Altars:
Ashenzari
Cheibriados
Dithmenos
Elyvilon
Fedhas
Gozag
Hepliaklqana
Kikubaaqudgha
Lugonu
Makhleb
Nemelex Xobeh
Okawaru
Qazlal
Ru
Sif Muna
Trog
Uskayaw
Vehumet
Wu Jian
Xom
Yredelemnul
Zin
The Shining One

Annotations:
Lair:2 Gastronok


Innate Abilities, Weirdness & Mutations

You are resistant to torment.
Your stone body is resilient. (AC +8)
You are immune to poison.
You resist negative energy. (rN+)
You are resistant to electric shocks. (rElec)
You are less affected by unholy pain and torment.
You can survive without breathing.
You are immune to petrification.
You are immune to rotting.


Message History

Confirm with . or Enter, or press ? or * to list all spells.
Aiming: Sandblast (safe; 1% risk of failure)
Press: ? - help, Shift-Dir - straight line, f/p - Gastronok
Aim: Gastronok, wearing a +2 hat of intelligence (severely wounded)
The blast of sand hits Gastronok!!
Gastronok is almost dead.
b - 10 stones The bat hits you but does no damage.
The white imp closely misses you. The quasit barely misses you.
The quasit claws you but does no damage.
The quasit misses you. Gastronok misses you. The river rat barely misses you.
Casting: Sandblast (safe; 1% risk of failure)
Confirm with . or Enter, or press ? or * to list all spells.
Aiming: Sandblast (safe; 1% risk of failure)
Press: ? - help, Shift-Dir - straight line, f/p - Gastronok
Aim: Gastronok, wearing a +2 hat of intelligence (almost dead) Vehumet does not allow the disloyal to dabble in destruction!
You are blasted with magical energy!
You die...
Your body crumbles into a pile of gold.

#### ### ### ## #
######..###.####.#####.#.#
#.#P.#....................
###....................#.
#....P..........♣P♣..♣## $
##..P#..♣....P.r5.♣.♣###
##....P.......5@.P.♣#.#
#.#.P.........w.....## #.
#.#..........P.......# #.
##...P.......P..b.....# #.
#......P.P#####.......## #.
#...P..P..# #........###### #.
##..P.....+ #..........##.###.
#.......P# #....P............
##.....PP.#####.................


You could see Gastronok, a quasit, a river rat, a white imp and a bat.

Vanquished Creatures
  A cyclops (D:7)
  A merfolk siren (Lair:2)
  A black mamba (Lair:2)
  4 cane toads
  3 komodo dragons
  2 trolls (D:7)
  3 blink frogs (Lair:2)
  15 yaks (Lair:1)
  A wyvern (Lair:1)
  A basilisk (Lair:2)
  Menkaure (D:7)
  A crocodile (Lair:2)
  5 water moccasins
  4 porcupines
  2 orc warriors
  2 sky beasts
  A phantom (D:4)
  3 ice beasts
  3 ogres
  9 bullfrogs
  A water moccasin zombie (D:4)
  A scorpion (D:7)
  A water moccasin skeleton (D:4)
  10 killer bees (D:7)
  3 orc priests
  2 crimson imps
  A quasit (D:7)
  2 bullfrog zombies
  3 bullfrog skeletons
  2 jellies (D:7)
  3 hounds
  7 orc wizards
  2 iguanas
  2 worker ants
  A hound skeleton (D:7)
  3 worker ant zombies (D:4)
  2 howler monkey zombies
  3 gnolls (D:3)
  5 adders
  A shadow imp (D:6)
  2 oozes (D:1)
  4 adder zombies
  3 adder skeletons
  3 worms
  6 dart slugs
  9 leopard geckos
  17 orcs
  A ball python (D:1)
  5 bats
  4 giant cockroaches
  9 goblins
  10 hobgoblins
  7 jackals
  7 kobolds
  3 quokkas
  3 frilled lizards
  A jackal zombie (D:4)
  3 rats
  4 plants (Temple)
219 creatures vanquished.

Vanquished Creatures (others)
  A crocodile (D:7)
  3 fungi (Lair:1)
  47 plants
51 creatures vanquished.

Grand Total: 270 creatures vanquished

Notes
Turn   | Place    | Note
-------+----------+-------------------------------------------
     0 | D:1      | Mrcake the Gargoyle Earth Elementalist began the quest for
                  | the Orb.
     0 | D:1      | Reached XP level 1. HP: 10/10 MP: 3/3
    89 | D:1      | Reached skill level 4 in Earth Magic
   107 | D:1      | Reached XP level 2. HP: 15/15 MP: 0/5
   210 | D:1      | Reached XP level 3. HP: 17/19 MP: 4/6
   594 | D:1      | Reached skill level 5 in Earth Magic
   936 | D:2      | Reached XP level 4. HP: 24/24 MP: 4/8
  1258 | D:2      | Reached skill level 1 in Armour
  1511 | D:2      | Reached XP level 5. HP: 28/28 MP: 7/9
  1804 | D:3      | Learned a level 5 spell: Lee's Rapid Deconstruction
  1979 | D:3      | Reached XP level 6. HP: 32/32 MP: 9/11
  1980 | D:3      | Reached skill level 6 in Earth Magic
  2316 | D:4      | Found a radiant altar of Vehumet.
  2430 | D:4      | Reached XP level 7. HP: 36/36 MP: 3/13
  2568 | D:4      | Became a worshipper of Vehumet
  2650 | D:4      | Reached skill level 7 in Earth Magic
  3289 | D:4      | Reached XP level 8. HP: 33/41 MP: 15/15
  3486 | D:5      | Entered Level 5 of the Dungeon
  3537 | D:5      | Reached * piety under Vehumet
  3537 | D:5      | Offered knowledge of Sting by Vehumet.
  3630 | D:5      | Reached skill level 5 in Spellcasting
  3643 | D:5      | Reached skill level 5 in Armour
  3998 | D:5      | Reached skill level 8 in Earth Magic
  4307 | D:5      | Found a shadowy altar of Dithmenos.
  4861 | D:6      | Found a staircase to the Ecumenical Temple.
  4949 | Temple   | Entered the Ecumenical Temple
  5240 | Temple   | Fell from the grace of Vehumet
  5240 | Temple   | Became a worshipper of Gozag Ym Sagoz the Greedy
  5819 | D:6      | Reached skill level 9 in Earth Magic
  5969 | D:6      | Reached XP level 9. HP: 38/45 MP: 17/17
  6724 | D:7      | Noticed a troll
  6748 | D:7      | Reached skill level 10 in Earth Magic
  6757 | D:7      | Killed a troll
  7007 | D:7      | Reached skill level 11 in Earth Magic
  7113 | D:7      | Noticed a troll
  7120 | D:7      | Killed a troll
  7121 | D:7      | Reached XP level 10. HP: 40/50 MP: 13/18
  7217 | D:7      | Noticed Menkaure
  7223 | D:7      | Killed Menkaure
  7425 | D:7      | Noticed a cyclops
  7497 | D:7      | Killed a cyclops
  7498 | D:7      | Reached skill level 10 in Armour
  7593 | D:7      | Reached skill level 12 in Earth Magic
  7704 | D:7      | Found a sacrificial altar of Ru.
  7757 | D:7      | Found a staircase to the Lair.
  7775 | Lair:1   | Entered Level 1 of the Lair of Beasts
  7940 | Lair:1   | Got a scorched halberd
  7942 | Lair:1   | Identified the +5 halberd of Doergh {venom, Int+3} (You
                  | found it on level 1 of the Lair of Beasts)
  8031 | Lair:1   | Noticed a cane toad
  8150 | Lair:1   | Learned a level 3 spell: Stone Arrow
  8340 | Lair:1   | Noticed a cane toad
  8348 | Lair:1   | Killed a cane toad
  8349 | Lair:1   | Reached skill level 13 in Earth Magic
  8385 | Lair:1   | Reached XP level 11. HP: 54/54 MP: 12/19
  8510 | Lair:1   | Reached skill level 1 in Fighting
  8543 | Lair:1   | Reached skill level 1 in Polearms
  9605 | Lair:2   | Found a staircase to the Shoals.
  9951 | Lair:2   | Reached skill level 14 in Earth Magic
 10175 | Lair:2   | Noticed Gastronok
 10233 | Lair:2   | Killed by the malice of Vehumet

Skill      XL: |  1  2  3  4  5  6  7  8  9 10 11 |
---------------+----------------------------------+-----
Earth Magic    | 4 5 6 7 9 11 13 14 | 14.1
Armour         | 1 2 3 4 6 9 11 12 | 12.1
Spellcasting   | 3 4 5 |  5.7
Fighting       | 3 |  3.5
Polearms       | 2 |  2.9
Dodging        | |  1.6
Stealth        | |  2.4
Unarmed Combat | |  1.0
Transmutations | |  0.7

Action                   |  1- 3 |  4- 6 |  7- 9 | 10-12 || total
-------------------------+-------+-------+-------+-------++-------
Melee: Unarmed           |    33 |    30 |       |       ||    63
       Hand axe          |       |    18 |       |       ||    18
       Spear             |       |    36 |   447 |    12 ||   495
       Punch             |       |       |     3 |       ||     3
       Halberd           |       |       |       |    72 ||    72
 Cast: Sandblast         |    33 |    79 |   122 |    64 ||   298
       Lee's Rapid Decon |       |       |     7 |    19 ||    26
       Stone Arrow       |       |       |       |    35 ||    35
Invok: Potion Petition   |       |       |     1 |     1 ||     2
  Use: Scroll            |     2 |     8 |     5 |     5 ||    20
  Eat: Chunk             |     1 |     7 |     6 |       ||    14
       Ration            |       |       |     9 |     6 ||    15
Armor: Robe              |     9 |       |       |       ||     9
       Ring mail         |    10 |    75 |   113 |       ||   198
       Storm dragon scal |       |       |    92 |   166 ||   258
Dodge: Dodged            |    29 |    74 |   132 |   139 ||   374
